 Dungeon Sprint DCSS version 0.31.0-9-g3a7656b989 (webtiles) character file.

Game seed: 7295726046149861522

7 Heoruswealwe the Covered (level 1, 0/20 HPs)
             Began as a Minotaur Fighter on Jan 25, 2024.
             Slain by an ogre
             ... wielding a +0 giant club
              (10 damage)
             ... in the Dungeon (Sprint IX: "|||||||||||||||||||||||||||||").
             The game lasted 00:00:21 (25 turns).

Heoruswealwe the Covered (Minotaur Fighter)           Turns: 25, Time: 00:00:22

Health: 0/20       AC:  7    Str: 20    XL:     1   Next: 91%
Magic:  0/0        EV:  9    Int:  5    God:
Gold:   0          SH:  4    Dex:  9    Spells: 0/0 levels left

rFire   . . .        a - +0 trident
rCold   . . .        d - +0 buckler
rNeg    . . .        c - +0 scale mail
rPois   .            (helmet restricted)
rElec   .            (no cloak)
rCorr   .            (no gloves)
SInv    .            (no boots)
Will    .....        (no amulet) Stlth
                     (no ring)
HPRegen 0.23/turn    (no ring)
MPRegen 0.07/turn

%: no teleportation
@: no status effects
A: horns 2, retaliatory headbutt
a: no special abilities


You were in the Dungeon.
You visited 1 branch

Inventory:

Hand Weapons
 a - a +0 trident (weapon)
Armour
 c - a +0 scale mail (worn)
 d - a +0 buckler (worn)
Scrolls
 j - a scroll of blinking
Potions
 b - a potion of might
 e - a potion of curing
 f - a potion of heal wounds
 g - a potion of haste
 h - 2 potions of magic
 i - a potion of berserk rage


   Skills:
 + Level 4.3 Fighting
 * Level 4.1 Polearms
 + Level 4.3 Armour
 - Level 3.6 Shields


You couldn't memorise any spells.
You didn't know any spells.
Your spell library was empty.

Dungeon Overview and Level Annotations

Branches:
Dungeon (1/1)

Altars:


Innate Abilities, Weirdness & Mutations

You have a pair of horns on your head.
You reflexively headbutt those who attack you in melee.


Message History

The goblin hits you but does no damage.
You puncture the goblin!
You kill the goblin!
You block the bat's attack.
You hit the bat.
You kill the bat!
The bat hits you but does no damage. The bat barely misses you.
The bat hits you but does no damage.
There is an open door to the Dungeon, spattered with blood here.
Things that are here:
a +0 club; a bat corpse; a ball python corpse You hit the bat.
The bat is severely wounded.
The bat hits you. The bat hits you but does no damage. x2
You miss the bat. You headbutt the bat.
You kill the bat!
You see here a bat corpse.
There is an open door to the Dungeon, spattered with blood here.
Things that are here:
a +0 club; a bat corpse; a ball python corpse You see here a bat corpse.
You open the door.
A phantom, an ufetubus, a scorpion, an ogre and a dart slug come into view.
The ufetubus shouts!
The dart slug launches a dart at you. The slug dart misses you.
There is an open door here.
You hit the dart slug but do no damage. The dart slug launches a dart at you.
The slug dart misses you.
You puncture the dart slug!
You kill the dart slug!
Your Polearms skill increases to level 4!
You hit the ogre but do no damage. The ogre hits you with a +0 giant club!
Ouch! That really hurt!
You barely miss the ogre. You headbutt the ogre!
The ogre is heavily wounded.
The ogre hits you with a +0 giant club!
Ouch! That really hurt!
You die...

▓+▓
▓.▓
▓W▓
▓5▓
▓s▓
▓O▓
▓@▓
▓.▓
▓.▓
▓.▓
▓.▓
▓†▓
▓)▓
▓.▓
▓.▓


You could see an ogre, a phantom, a scorpion and an ufetubus.

Vanquished Creatures
  A dart slug (D)
  2 ball pythons (D)
  2 bats (D)
  A goblin (D)
6 creatures vanquished.

Notes
Turn   | Place    | Note
-------+----------+-------------------------------------------
     0 | D        | Heoruswealwe the Minotaur Fighter began the quest for the
                  | Orb.
     0 | D        | Reached XP level 1. HP: 19/19 MP: 0/0
    20 | D        | Noticed a phantom
    20 | D        | Noticed a scorpion
    20 | D        | Noticed an ogre
    25 | D        | Slain by an ogre

Illustrated notes

Levels and vault maps discovered:
D:        linesprint [early_d, line_temple, items_1, d_10, items_2, lair_1,
          lair_end, items_3, orc_1, orc_end, items_4, d_15, swamp_1, shoals_1,
          snake_1, spider_1, d_20, vaults_1, items_5, swamp_end, shoals_end,
          snake_end, spider_end, vaults_end, d_27, items_6, zot_1, zot_end,
          crypt_end, forest_end, elf_end, slime_end, tomb_end, abyss_end,
          pan_hell_end]

Skill      XL: |  1 |
---------------+----+-----
Polearms       | 4 |  4.1
Fighting       | 4 |  4.3
Armour         | 4 |  4.3
Shields        | |  3.6

Action                     || total
---------------------------++-------
  Melee: Trident           ||    12
         Headbutt          ||     2
 Armour: Scale mail        ||     9
  Dodge: Dodged            ||     3
  Block: Buckler           ||     1
